 Dungeon Crawl Stone Soup version 0.30.1-4-g462c640d31 (webtiles) character file.

Game seed: 13094349259552268463

942 Descartes the Shield-Bearer (level 8, -1/42 HPs)
             Began as a Vine Stalker Fighter on Aug 18, 2023.
             Was an Initiate of Gozag.
             Succumbed to a killer bee's poison
             ... on level 5 of the Dungeon.
             The game lasted 00:14:51 (3630 turns).

Descartes the Shield-Bearer (Vine Stalker Fighter)  Turns: 3630, Time: 00:14:52

Health: -1/42      AC:  9    Str: 20    XL:     8   Next: 12%
Magic:  2/12       EV:  7    Int:  3    God:    Gozag
Gold:   259        SH:  6    Dex: 19    Spells: 12/12 levels left

rFire   . . .        n - +0 whip "X" {venom, rElec rCorr Int-5 Dex+4}
rCold   . . .        c - +0 buckler
rNeg    . . .        f - +0 chain mail
rPois   .            (no helmet)
rElec   +            (no cloak)
rCorr   +            (no gloves)
SInv    .            (no boots)
Will    +....        (no amulet) Stlth
                     (no ring)
HPRegen 1.07/turn    (no ring)
MPRegen 0.13/turn

%: guardian spirit
@: lethally poisoned (-1 -> -19)
A: fangs 3, regeneration 1, magic shield, antimagic bite, no potion heal 2
a: Renounce Religion, Potion Petition, Call Merchant, Bribe Branch


You were on level 5 of the Dungeon.
You worshipped Gozag.
Gozag was aware of your devotion.
You visited 2 branches of the dungeon, and saw 6 of its levels.

You collected 314 gold pieces.
You paid 55 gold pieces to Gozag.

Inventory:

Hand Weapons
 a - a +0 war axe
 n - the +0 whip "X" (weapon) {venom, rElec rCorr Int-5 Dex+4}
   (You found it on level 3 of the Dungeon)

   Int:       It affects your intelligence (-5).
   Dex:       It affects your dexterity (+4).
   rElec:     It insulates you from electricity.
   rCorr:     It protects you from acid and corrosion.
Missiles
 h - 2 javelins (quivered)
 o - a boomerang
 p - 12 poisoned darts
Armour
 b - a +0 scale mail
 c - a +0 buckler (worn)
 f - a +0 chain mail (worn)
Jewellery
 z - a ring of poison resistance
Wands
 w - a wand of charming (14)
 C - a wand of flame (12)
Scrolls
 g - a scroll of fear {unknown}
 l - 2 scrolls of identify {unknown}
 m - 2 scrolls of poison {unknown}
 r - a scroll of teleportation {unknown}
 s - a scroll of enchant armour {unknown}
 t - 2 scrolls of brand weapon {unknown}
 u - a scroll of immolation {unknown}
 v - a scroll of noise {unknown}
 x - 2 scrolls of magic mapping {unknown}
 y - a scroll of amnesia {unknown}
 A - a scroll of enchant weapon {unknown}
 B - a scroll of fog {unknown}
Potions
 d - 4 potions of might
 e - 3 potions of heal wounds {unknown}
 i - 2 potions of mutation {unknown}
 j - 2 potions of curing {unknown}
 k - 3 potions of flight {unknown}
 q - 2 potions of lignification {unknown}
 D - a potion of cancellation {unknown}


   Skills:
 + Level 3.8 Fighting
 + Level 3.7(4.0) Axes
 + Level 1.5(2.9) Maces & Flails
 * Level 4.2 Armour
 * Level 4.7 Shields
 + Level 2.5 Spellcasting
 + Level 2.4 Evocations


You had 12 spell levels left.
You didn't know any spells.
Your spell library was empty.

Dungeon Overview and Level Annotations

Branches:
Dungeon (5/15)             Temple (1/1) D:4

Altars:
Ashenzari
Elyvilon
Fedhas
Gozag
Hepliaklqana
Kikubaaqudgha
Nemelex Xobeh
Okawaru
Qazlal
Ru
Sif Muna
Vehumet
Wu Jian
Zin
The Shining One

Shops:
D:2 (   D:3 [   D:4 (

Annotations:
D:5 Blork the orc, Pikel


Innate Abilities, Weirdness & Mutations

You have razor-sharp teeth.
Your natural rate of healing is unusually fast.
When hurt, damage is shared between your health and your magic reserves.
Your bite disrupts and absorbs the magic of your enemies.
Potions cannot restore your health.


Message History

Blork the orc looks angry.
Blork the orc casts a spell.
Blork the orc seems to speed up.
You feel sick. You block the killer bee's attack. The killer bee stings you.
The killer bee stings you but does no damage.
The killer bee attacks as you move away!
You block the killer bee's attack.
You feel sick. The killer bee closely misses you. The killer bee stings you.
You are more poisoned.
The killer bee poisons you! You block the killer bee's attack.
The killer bee stings you but does no damage.
Blork the orc begins to cast a cantrip, but forgets the words!
The killer bee attacks as you move away!
The killer bee stings you but does no damage.
You feel very sick. The killer bee barely misses you.
The killer bee stings you. You block the killer bee's attack.
The killer bee attacks as you move away!
The killer bee stings you.
You are more poisoned.
The killer bee poisons you!
The killer bee attacks as you move away!
The killer bee barely misses you.
You feel very sick. You block the killer bee's attack.
Blork the orc screams, "I'll make a cloak from your skin!"
The killer bee stings you!
* * * LOW HITPOINT WARNING * * *
You are lethally poisoned!
The killer bee poisons you! The killer bee stings you!
* * * LOW HITPOINT WARNING * * *
You are more poisoned.
The killer bee poisons you! The killer bee stings you.
* * * LOW HITPOINT WARNING * * *
Okay, then.
Okay, then.
The killer bee attacks as you move away!
The killer bee barely misses you.
You die...
Your body crumbles into a pile of gold.

##..<)......##.# .#....
#..)..........##.....
#........>...........
#.................#
#.................#
#.####............o....#
.......................#$
...########...yyh......#####.
. #.....@.yyo...........
#.##...yy...?......... $ ..
##................. ..#
#)................ #
#.#...............
......###.........>
...##.###.......#... ......#
#.......# .# ....####
........# .


You could see Blork the orc (fast), a hound, 6 killer bees and an orc.

Vanquished Creatures
  Sigmund (D:4)
  2 ice beasts
  An ogre (D:5)
  3 lemures
  2 scorpions (D:4)
  2 orc priests (D:3)
  2 iguanas (D:4)
  3 orc wizards
  A sleepcap (D:4)
  Robin (D:2)
  5 adders (D:3)
  A worm (D:2)
  A dart slug (D:2)
  11 orcs
  9 bats
  8 endoplasms
  9 giant cockroaches
  12 goblins
  10 hobgoblins
  2 jackals (D:1)
  4 quokkas
  12 ball pythons
  4 frilled lizards
  13 kobolds
  5 rats
124 creatures vanquished.

Notes
Turn   | Place    | Note
-------+----------+-------------------------------------------
     0 | D:1      | Descartes the Vine Stalker Fighter began the quest for the
                  | Orb.
     0 | D:1      | Reached XP level 1. HP: 11/11 MP: 2/2
    34 | D:1      | Reached XP level 2. HP: 8/16 MP: 3/3
   334 | D:1      | Reached XP level 3. HP: 19/19 MP: 4/4
   524 | D:2      | Noticed Robin
   807 | D:2      | Killed Robin
   808 | D:2      | Gained mutation: Your natural rate of healing is unusually
                  | fast. [Vine Stalker growth]
   808 | D:2      | Reached XP level 4. HP: 12/23 MP: 6/6
   922 | D:2      | You fall into a shaft and drop 1 floor!
   940 | D:3      | Reached skill level 1 in Spellcasting
   940 | D:3      | Reached skill level 1 in Evocations
   944 | D:3      | Identified the +0 whip "X" {venom, rElec rCorr Int-5 Dex+4}
  1153 | D:3      | Reached XP level 5. HP: 28/28 MP: 7/7
  1406 | D:2      | Found Epoaseyst's Antique Weapon Boutique.
  2127 | D:3      | Found Wutymeyn's Armour Boutique.
  2182 | D:3      | Reached XP level 6. HP: 24/32 MP: 9/9
  2640 | D:4      | Reached XP level 7. HP: 18/36 MP: 3/10
  2769 | D:4      | Found Hayvur's Weapon Shoppe.
  2793 | D:4      | Found a staircase to the Ecumenical Temple.
  2798 | D:4      | Found an ornate altar of the Wu Jian Council.
  2806 | Temple   | Entered the Ecumenical Temple
  2812 | Temple   | Became a worshipper of Gozag Ym Sagoz the Greedy
  2935 | D:4      | Found a white marble altar of Elyvilon.
  2952 | D:4      | Found a glowing golden altar of the Shining One.
  3015 | D:4      | Noticed Sigmund
  3026 | D:4      | Killed Sigmund
  3027 | D:4      | Reached skill level 1 in Maces & Flails
  3444 | D:5      | Entered Level 5 of the Dungeon
  3445 | D:5      | Noticed Pikel
  3566 | D:5      | Gained mutation: You have razor-sharp teeth. [Vine Stalker
                  | growth]
  3566 | D:5      | Reached XP level 8. HP: 27/42 MP: 6/12
  3625 | D:5      | Noticed Blork the orc
  3630 | D:5      | Succumbed to a killer bee's poison

Illustrated notes

Levels and vault maps discovered:
D:1:      dpeg_arrival_round_a, layout_rooms, st_stairs_9
D:2:      layout_loops_ring, serial_shops, nicolae_square_shop,
          solitary_fountain, minmay_pentomino_u2, uniq_robin
D:3:      layout_loops_ring, serial_shops, shop, serial_forest,
          infiniplex_forest_lined_3, infiniplex_forest_lined_3_way,
          infiniplex_forest_3_way, infiniplex_forest_lined_3_way,
          infiniplex_forest_zigzag_2, infiniplex_forest_clump_C,
          infiniplex_forest_lined_2, infiniplex_forest_clump_small,
          saegor_snake_ambush
D:4:      minmay_general_purpose_star, layout_loops_ring, kennysheep_mini_moat,
          mainiacjoe_overflow_large_starburst, minmay_temple_entry_glassed_door,
          serial_shops, shop, chequers_avenue, uniq_sigmund
D:5:      layout_rooms, mainiacjoe_overflow_six_doors_small,
          ebering_ghost_inner_flame, minmay_lizard_king, uniq_blork_the_orc,
          uniq_pikel, uniq_grinder
Temple:   hellmonk_temple_two_chambers

Skill      XL: |  1  2  3  4  5  6  7 |
---------------+----------------------+-----
Axes           | 2 3 |  3.7
Shields        | 3 4 |  4.7
Fighting       | 3 |  3.8
Spellcasting   | 1 2 |  2.5
Evocations     | 1 2 |  2.4
Armour         | 3 4 |  4.2
Maces & Flails | 1 |  1.5

Action                     |  1- 3 |  4- 6 |  7- 9 || total
---------------------------+-------+-------+-------++-------
  Melee: War axe           |    78 |    19 |       ||    97
         Bite              |    18 |    51 |    49 ||   118
         Whip              |       |   172 |   100 ||   272
 Armour: Scale mail        |    11 |       |       ||    11
         Chain mail        |    41 |    86 |    39 ||   166
  Dodge: Dodged            |    24 |    62 |    42 ||   128
  Block: Buckler           |    22 |    51 |    36 ||   109
